Map: 어스름 탑

Players

llllllllllll (Scarlett) - Winner!

  • Race: Zerg Zerg
  • League: Grandmaster

llllllllllll

  • Race: Zerg Zerg
  • League: Grandmaster

VOD

Have the link to the VOD?

Description

Time

  • Played on: April 13, 2016, 7:35 a.m.
  • Length: 9:43
Show
View Real Time Build Order
Export as new Build Order

llllllllllll Zerg - Winner!

Build Orders: Hatch First, Muta Ling Bane 

Get SALT Encoding   

  12  0:00  Drone  
  13  0:08  Drone  
  14  0:17  Overlord  
  14  0:23  Extractor, Drone  
  15  0:36  Drone x2  
  17  0:51  Hatchery  
  17  0:55  Drone  
  18  0:57  Drone  
  18  1:11  Spawning Pool  
  17  1:12  Extractor  
  17  1:15  Drone  
  17  1:19  Drone  
  18  1:27  Drone  
  19  1:40  Overlord  
  19  1:50  Drone  
  20  1:59  Queen, Zergling x2  
  23  2:03  Queen, Drone  
  26  2:10  Drone  
  26  2:12  Metabolic Boost  
  26  2:13  Drone  
  28  2:20  Drone  
  29  2:26  Drone  
  30  2:32  Drone  
  30  2:34  Queen  
  33  2:44  Hatchery  
  33  2:49  Drone  
  33  2:51  Baneling Nest  
  33  2:54  Overlord  
  32  3:01  Drone x2  
  32  3:02  Zergling x2  
  35  3:07  Drone  
  36  3:14  Drone x4  
  36  3:17  Drone  
  36  3:19  Drone  
  42  3:24  Overlord, Zergling x2  
  44  3:27  Zergling x2  
  44  3:34  Baneling x2  
  44  3:36  Baneling  
  44  3:39  Extractor  
  44  3:40  Extractor  
  42  3:45  Zergling x4  
  44  3:50  Lair  
  44  3:51  Drone  
  44  3:53  Zergling x10  
  50  3:56  Queen  
  50  4:01  Baneling  
  51  4:13  Baneling x2  
  51  4:16  Drone x5  
  56  4:29  Overlord, Drone x2  
  49  4:35  Overlord, Drone  
  49  4:36  Drone x4  
  53  4:51  Spine Crawler  
  52  4:56  Spire  
  52  4:57  Drone x3  
  54  5:08  Overlord  
  54  5:09  Drone x3  
  57  5:16  Baneling  
  57  5:18  Overseer  
  57  5:19  Drone x3  
  57  5:20  Drone  
  61  5:25  Drone x3  
  61  5:28  Drone  
  65  5:32  Drone  
  65  5:33  Drone x2  
  68  5:40  Overlord  
  66  5:43  Extractor  
  66  5:44  Extractor x2  
  61  5:52  Drone  
  61  5:53  Drone x8  
  61  5:56  Overlord  
  69  6:09  Mutalisk x5  
  79  6:12  Mutalisk  
  79  6:13  Mutalisk  
  79  6:18  Drone x4  
  87  6:30  Mutalisk  
  87  6:31  Mutalisk  
  92  6:32  Drone  
  92  6:33  Drone x6  
  92  6:37  Overlord  
  92  6:38  Evolution Chamber  
  92  6:39  Drone  
  98  6:43  Roach Warren  
  97  6:49  Overlord  
  92  7:02  Hatchery  
  91  7:12  Overlord x2  
  91  7:13  Zerg Melee Weapons Level 1  
  91  7:14  Overlord  
  91  7:23  Glial Reconstitution, Centrifical Hooks  
  91  7:24  Roach  
  91  7:25  Roach x2, Overlord  
  91  7:26  Overlord x5  
  97  7:31  Roach x2  
  97  7:34  Roach x2  
  105  7:43  Roach x5  
  115  7:53  Roach  
  115  7:54  Roach x5  
  115  7:56  Roach  
  129  8:02  Roach  
  129  8:03  Roach  
  133  8:11  Zergling x8  
  135  8:17  Overseer  
  135  8:20  Roach x4  
  135  8:23  Queen  
  135  8:24  Roach  
  135  8:25  Roach  
  135  8:26  Overlord  
  149  8:29  Roach, Zergling x10  
  149  8:31  Baneling x8  
  156  8:47  Roach x9  
  174  8:54  Baneling x10  
  174  8:55  Overlord  
  174  8:56  Overlord  
  174  9:01  Roach x3  
  178  9:11  Roach x2  
  179  9:34  Ravager  
  179  9:35  Ravager x2  
Show
View Real Time Build Order
Export as new Build Order

llllllllllll Zerg 

Build Orders: Hatch First, Zergling Baneling 

Get SALT Encoding   

  12  0:01  Drone  
  13  0:12  Overlord  
  13  0:17  Drone  
  14  0:31  Drone x2  
  14  0:35  Drone  
  17  0:54  Hatchery  
  17  0:56  Drone  
  17  0:57  Drone  
  17  1:01  Extractor  
  17  1:12  Spawning Pool  
  17  1:15  Drone  
  17  1:20  Drone  
  18  1:29  Drone  
  19  1:42  Overlord  
  19  1:59  Queen  
  19  2:01  Drone x2  
  23  2:05  Queen  
  23  2:06  Metabolic Boost, Zergling x2  
  26  2:16  Drone  
  26  2:19  Drone  
  26  2:22  Drone  
  29  2:29  Drone  
  30  2:30  Baneling Nest  
  30  2:33  Drone  
  30  2:38  Drone  
  31  2:45  Drone  
  32  2:53  Zergling x2  
  32  2:54  Hatchery, Zergling x2  
  33  3:07  Overlord  
  33  3:08  Zergling x6  
  36  3:24  Evolution Chamber  
  36  3:25  Zergling x4  
  36  3:27  Zergling x8  
  39  3:28  Zergling x2  
  42  3:34  Baneling x3  
  42  3:35  Baneling  
  42  3:39  Zergling x2  
  42  3:40  Zergling x2  
  44  3:47  Baneling x2  
  44  3:53  Overlord x2  
  44  4:02  Overlord  
  43  4:15  Drone x9  
  51  4:22  Zergling x2  
  46  4:25  Zergling x4  
  46  4:34  Drone x3  
  46  4:35  Baneling x2  
  47  4:39  Overlord  
  47  4:40  Drone  
  47  4:41  Queen  
  47  4:44  Overlord  
  50  4:48  Baneling  
  50  4:49  Baneling  
  50  4:58  Drone  
  50  4:59  Drone  
  52  5:00  Lair  
  52  5:02  Drone x2  
  52  5:05  Drone x2  
  56  5:09  Queen  
  56  5:11  Drone x3  
  56  5:13  Evolution Chamber  
  59  5:14  Drone  
  59  5:17  Extractor  
  59  5:18  Extractor  
  59  5:19  Drone x2  
  60  5:23  Queen  
  60  5:27  Zergling x2, Baneling  
  60  5:28  Zergling x2  
  64  5:29  Zergling x2  
  64  5:30  Drone  
  64  5:32  Drone  
  67  5:36  Extractor  
  67  5:38  Drone  
  67  5:39  Zerg Melee Weapons Level 1, Drone  
  67  5:44  Zergling x2  
  63  5:51  Baneling x2  
  63  5:52  Queen  
  63  5:56  Drone  
  66  5:57  Drone x7  
  66  5:59  Drone  
  66  6:02  Drone x2  
  76  6:04  Drone  
  76  6:09  Spore Crawler  
  76  6:11  Spore Crawler  
  76  6:13  Drone x3  
  76  6:15  Extractor  
  76  6:16  Spore Crawler  
  76  6:19  Spore Crawler  
  76  6:20  Extractor  
  76  6:22  Zerg Ground Armor Level 1  
  76  6:25  Infestation Pit  
  73  6:26  Drone  
  73  6:29  Overlord  
  74  6:41  Overlord  
  73  6:47  Queen x2  
  73  6:48  Zergling x4  
  73  6:53  Drone  
  73  6:54  Drone x2  
  82  6:55  Overlord x2  
  81  7:05  Zergling x2  
  81  7:06  Overlord  
  81  7:08  Overlord, Pathogen Glands  
  82  7:10  Overlord  
  82  7:12  Overlord  
  82  7:13  Drone x3  
  82  7:14  Drone x3  
  88  7:19  Zergling x2  
  89  7:24  Zergling x4  
  89  7:26  Hive  
  89  7:28  Queen  
  93  7:31  Zergling x2  
  93  7:32  Zergling x8  
  93  7:33  Zergling x2  
  93  7:34  Zergling x2  
  98  7:44  Drone  
  98  7:45  Spore Crawler, Drone x2  
  98  7:54  Infestor x2  
  98  7:55  Infestor x2  
  105  8:00  Drone x2  
  105  8:01  Drone x2  
  105  8:02  Extractor  
  105  8:03  Infestor  
  105  8:05  Zergling x10  
  113  8:14  Overlord  
  113  8:18  Overlord  
  113  8:23  Zergling x8  
  113  8:25  Infestor  
  113  8:27  Infestor  
  119  8:29  Overlord  
  119  8:33  Hatchery  
  119  8:45  Extractor  
  119  8:46  Ultralisk Cavern  
  111  8:49  Zergling x14  
  111  8:50  Zergling x4  
  111  8:51  Zergling x4  
  111  8:55  Queen  
  122  8:57  Overlord  
  122  9:00  Zergling x4  
  126  9:07  Zergling x8  
  124  9:17  Zergling x6  
  114  9:26  Zergling x2  
Tags
 
Add a new tag
Caveats
  • Supply blocks, unpowered buildings, or Contaminate may cause inaccurate times.
  • Supply counts are checked every 10 seconds.